[Event "Titled Tuesday Blitz May 11 2021"]
[White "Saravana, Krishnan P."]
[Black "Praggnanandhaa R"]
[WhiteFideId "5018382"]
[BlackFideId "25059530"]
[WhiteElo "2245"]
[BlackElo "2555"]
[Result "0-1"]
[Round "01"]
[TimeControl "180+1"]
[Date "2021.05.11"]
[WhiteClock "0:00:08"]
[BlackClock "0:00:16"]

1. e4 c5 2. Nf3 e6 3. g3 Nc6 4. Bg2 Nf6 5. Qe2 e5 6. O-O Be7 7. Na3 O-O 8. Nc4 d6 9. a4 Be6 10. d3 Re8 11. h3 h6 12. c3 Bf8 13. Nh4 g6 14. Ne3 d5 15. Qf3 d4 16. Nd5 Nh7 17. Qd1 Bg7 18. Kh2 Rf8 19. Bd2 dxc3 20. bxc3 Rc8 21. Be3 b6 22. Qc1 Ng5 23. Ra2 c4 24. dxc4 Na5 25. f4 exf4 26. Bxf4 Rxc4 27. Raf2 Nxe4 28. Bxe4 Rxe4 29. Ne3 g5 30. Rd2 Qa8 31. Nef5 gxf4 32. Rg2 Bxf5 33. Nxf5 f3 34. Rxf3 Re6 35. Qf4 Nc6 36. Qg4 Rg6 37. Qe4 Qe8 38. Qh4 Ne5 39. Re3 Re6 40. Rge2 Nf3+ 41. Rxf3 Rxe2+ 42. Kg1 Re1+ 43. Kg2 Qe2+ 44. Rf2 Qe4+ 45. Qxe4 Rxe4 0-1


[Site "https://www.chess.com"]

[Event "Titled Tuesday Blitz May 11 2021"]
[White "Selbes, Tarik"]
[Black "Molina, Roberto Junio Brito"]
[WhiteFideId "6302513"]
[BlackFideId "2109450"]
[WhiteElo "2290"]
[BlackElo "2402"]
[Result "0-1"]
[Round "01"]
[TimeControl "180+1"]
[Date "2021.05.11"]
[WhiteClock "0:00:05"]
[BlackClock "0:00:31"]

1. e4 c6 2. d4 d5 3. Nc3 dxe4 4. Nxe4 Nd7 5. Qe2 Ndf6 6. c3 Nxe4 7. Qxe4 Nf6 8. Qc2 Qd5 9. Nf3 Bf5 10. Bd3 Bxd3 11. Qxd3 Qe4+ 12. Qxe4 Nxe4 13. O-O e6 14. Re1 Nf6 15. Bf4 Be7 16. Rad1 O-O 17. c4 Rfd8 18. h3 Rac8 19. b3 a5 20. a4 Bb4 21. Bd2 Bxd2 22. Rxd2 Kf8 23. Kf1 Rc7 24. Re3 Ke7 25. Red3 Rb8 26. Ne5 b5 27. axb5 cxb5 28. Ra2 a4 29. cxb5 Rxb5 30. bxa4 Rb1+ 31. Ke2 Nd5 32. Kf3 Nb4 33. Rdd2 Nxa2 34. Rxa2 Rb4 35. a5 Rxd4 36. a6 Rd8 37. a7 Ra8 38. Ra6 f6 39. Nc6+ Kd7 40. Nb8+ Kc8 41. Rxe6 Raxa7 42. Nc6 Ra3+ 43. Kf4 Kd7 44. Nd4 Ra4 45. Re4 Rcc4 46. Ke3 g6 47. Rh4 h5 0-1


[Site "https://www.chess.com"]

[Event "Titled Tuesday Blitz May 11 2021"]
[White "Sevian, Samuel"]
[Black "Garcia, Gabriel Gonzaga"]
[WhiteFideId "2040506"]
[BlackFideId "2138956"]
[WhiteElo "2978"]
[BlackElo "2240"]
[Result "1-0"]
[Round "01"]
[TimeControl "180+1"]
[Date "2021.05.11"]
[WhiteClock "0:00:59"]
[BlackClock "0:01:10"]

1. e4 c6 2. d4 d5 3. Nc3 dxe4 4. Nxe4 Nf6 5. Nxf6+ exf6 6. Bd3 Bd6 7. Qh5 Qe7+ 8. Be3 Bf4 9. O-O-O Bxe3+ 10. fxe3 Qxe3+ 11. Kb1 Be6 12. Nf3 Qf4 13. Rhe1 g6 14. Bxg6 fxg6 15. Rxe6+ Kf7 16. Qh3 Na6 17. Rde1 Qc7 18. Ng5+ fxg5 19. Qb3 Kf8 20. Qf3+ Kg8 21. Re7 1-0


[Site "https://www.chess.com"]

[Event "Titled Tuesday Blitz May 11 2021"]
[White "Shipov, Sergei"]
[Black "Abdisalimov, Abdimalik"]
[WhiteFideId "4113624"]
[BlackFideId "14206323"]
[WhiteElo "2750"]
[BlackElo "2389"]
[Result "1-0"]
[Round "01"]
[TimeControl "180+1"]
[Date "2021.05.11"]
[WhiteClock "0:02:00"]
[BlackClock "0:00:17"]

1. d4 Nf6 2. c4 g6 3. Nc3 Bg7 4. e4 d6 5. Be2 O-O 6. Nf3 Bg4 7. O-O Nfd7 8. Be3 Bxf3 9. Bxf3 e5 10. d5 a5 11. Be2 Na6 12. Rb1 b6 13. a3 f5 14. b4 axb4 15. axb4 f4 16. Bd2 g5 17. Bg4 Kh8 18. Nb5 Nf6 19. Bf5 Ng8 20. Ra1 Ne7 21. Be6 h6 22. Qh5 Qe8 23. Qxe8 Rfxe8 24. Ra4 c6 25. Nxd6 Rf8 26. Rfa1 Nc7 27. Nf7+ Kh7 28. Rxa8 Rxa8 29. Rxa8 Nxa8 30. d6 Ng6 31. d7 Bf6 32. d8=Q Bxd8 33. Nxd8 Nc7 34. Bf5 c5 35. bxc5 bxc5 36. Ba5 Na6 37. Nf7 Kg7 38. Bxg6 Kxg6 39. Nxe5+ Kf6 40. Nd3 Ke6 41. g3 f3 42. g4 Kd6 43. h3 Nb8 44. Kh2 Nd7 45. Kg3 Nb8 46. Kxf3 Nc6 47. Bc3 Nd8 48. e5+ Ke6 49. Nxc5+ Ke7 50. Ke4 Ne6 51. Nxe6 Kxe6 52. c5 Ke7 53. c6 Kd8 54. e6 h5 55. gxh5 g4 56. hxg4 Ke7 57. c7 Kd6 58. c8=Q Ke7 59. Qd7+ 1-0


[Site "https://www.chess.com"]

[Event "Titled Tuesday Blitz May 11 2021"]
[White "Shirazi, Kamran"]
[Black "Samadov, Read"]
[WhiteFideId "2000733"]
[BlackFideId "13417444"]
[WhiteElo "2317"]
[BlackElo "2084"]
[Result "1-0"]
[Round "01"]
[TimeControl "180+1"]
[Date "2021.05.11"]
[WhiteClock "0:00:16"]
[BlackClock "0:00:06"]

1. e3 e6 2. Ne2 c5 3. d4 Nc6 4. d5 exd5 5. Nbc3 Nf6 6. Nxd5 Nxd5 7. Qxd5 d6 8. Nf4 Be7 9. c3 O-O 10. Bd3 Bf6 11. Bc2 Ne7 12. Qf3 Be5 13. Nd3 Bf6 14. Nf4 Nc6 15. h4 Ne5 16. Qd5 Qe7 17. g3 Bg4 18. Bd1 Bd7 19. Qxb7 Rab8 20. Qg2 Bc6 21. Nd5 Qb7 22. e4 Bxd5 23. exd5 Nd3+ 24. Kf1 Nxc1 25. Rxc1 Qxb2 26. Rc2 Qa1 27. Qf3 Rb2 28. Kg2 Qxa2 29. Qf5 Be5 30. h5 h6 31. Rxb2 Qxb2 32. Bc2 Rd8 33. Rb1 Qa2 34. Rb7 Qxd5+ 35. Be4 Qxb7 36. Qh7+ Kf8 37. Bxb7 Bxc3 38. Bd5 Bf6 39. Qb1 Kg8 40. Qb7 Rf8 41. Qxa7 Be5 42. Qd7 Bf6 43. Qf5 Rd8 44. f4 Re8 45. g4 Rf8 46. g5 hxg5 47. fxg5 Be5 48. h6 gxh6 49. Qg6+ Kh8 50. Qxh6+ Kg8 51. g6 1-0


[Site "https://www.chess.com"]

[Event "Titled Tuesday Blitz May 11 2021"]
[White "Sokolovsky, Yahli"]
[Black "Sasikiran, Krishnan"]
[WhiteFideId "2820242"]
[BlackFideId "5004985"]
[WhiteElo "1770"]
[BlackElo "2552"]
[Result "0-1"]
[Round "01"]
[TimeControl "180+1"]
[Date "2021.05.11"]
[WhiteClock "0:00:08"]
[BlackClock "0:00:33"]

1. b3 d5 2. Bb2 Nf6 3. e3 c5 4. f4 a6 5. Nf3 Bg4 6. Be2 Nc6 7. d3 Bxf3 8. Bxf3 g6 9. g4 d4 10. O-O Bg7 11. Bxc6+ bxc6 12. e4 h5 13. g5 Ng4 14. Qf3 e5 15. Na3 Ne3 16. Rf2 O-O 17. Bc1 exf4 18. Qxf4 f5 19. exf5 Rxf5 20. Qh4 Rxg5+ 21. Kh1 Rg1+ 22. Kxg1 Qxh4 0-1


[Site "https://www.chess.com"]

[Event "Titled Tuesday Blitz May 11 2021"]
[White "Steven_Rojas"]
[Black "Mamedyarov, Shakhriyar"]
[BlackFideId "13401319"]
[WhiteElo "2462"]
[BlackElo "2716"]
[Result "0-1"]
[Round "01"]
[TimeControl "180+1"]
[Date "2021.05.11"]
[WhiteClock "0:00:05"]
[BlackClock "0:00:35"]

1. d4 d5 2. c4 c5 3. e3 Nf6 4. Nf3 e6 5. Nc3 a6 6. a3 Nc6 7. dxc5 Bxc5 8. b4 Bd6 9. cxd5 exd5 10. Bd3 O-O 11. O-O Bg4 12. Bb2 Rc8 13. Rc1 Bb8 14. Ne2 Bxf3 15. gxf3 Be5 16. Rxc6 Bxb2 17. Rxc8 Qxc8 18. Qb3 Be5 19. Kg2 g6 20. Rc1 Qd7 21. f4 Bb8 22. Qb2 Qe7 23. Ng3 Rd8 24. Qd4 Ne8 25. a4 Ng7 26. b5 Ne6 27. Qb6 d4 28. Be4 dxe3 29. fxe3 Rd2+ 30. Kg1 axb5 31. Qxb7 Qxb7 32. Bxb7 Ba7 33. Nf1 Rb2 34. axb5 Nxf4 35. Bf3 Nh3+ 36. Kh1 Rxb5 37. Kg2 Ng5 38. Rc2 Kg7 39. h4 Ne6 40. Re2 Re5 41. Kg3 Ra5 42. Nh2 Ra3 43. Ng4 h5 44. Ne5 Bxe3 45. Nc4 Bf4+ 46. Kg2 Rxf3 47. Kxf3 Nd4+ 48. Kxf4 Nxe2+ 49. Kf3 Nd4+ 50. Kg3 Nf5+ 51. Kh3 Kf6 52. Nd2 Ke5 53. Nf3+ Kf4 54. Ng5 Nd6 55. Nh7 Ne4 56. Kh2 Kg4 57. Nf8 Nf6 58. Kg2 Kxh4 59. Kf3 Kg5 60. Kg3 Kh6 61. Kh4 Kg7 62. Nxg6 Kxg6 63. Kg3 Kg5 0-1


[Site "https://www.chess.com"]

[Event "Titled Tuesday Blitz May 11 2021"]
[White "Suleymanli, Suleyman"]
[Black "Sethuraman, S.P."]
[WhiteFideId "13416375"]
[BlackFideId "5021596"]
[WhiteElo "1594"]
[BlackElo "2477"]
[Result "0-1"]
[Round "01"]
[TimeControl "180+1"]
[Date "2021.05.11"]
[WhiteClock "0:00:59"]
[BlackClock "0:00:39"]

1. Nf3 d5 2. g3 c6 3. Bg2 Bg4 4. d4 Nd7 5. O-O e6 6. c4 Ngf6 7. Nc3 Be7 8. b3 O-O 9. Bb2 a5 10. a4 Bd6 11. h3 Bh5 12. Re1 h6 13. e4 Bb4 14. e5 Ne4 15. Rc1 f5 16. Rf1 Qe7 17. Qc2 g5 18. Nd2 Bg6 19. Ndxe4 dxe4 20. Qe2 Rad8 21. Rfd1 c5 22. Nb5 cxd4 23. Bxd4 Nc5 24. Bxc5 Qxc5 25. Rxd8 Rxd8 26. Rd1 Rxd1+ 27. Qxd1 Qxe5 28. Qd8+ Bf8 29. Nc7 e3 30. fxe3 Qxe3+ 31. Kh1 Bf7 32. Kh2 f4 33. gxf4 Qxf4+ 34. Kh1 Kg7 35. Ne8+ Bxe8 36. Qxe8 Qc1+ 37. Kh2 Bd6# 0-1


[Site "https://www.chess.com"]

[Event "Titled Tuesday Blitz May 11 2021"]
[White "Suvorov, Luca"]
[Black "miragha_yev"]
[WhiteFideId "12977071"]
[WhiteElo "2127"]
[BlackElo "2762"]
[Result "1/2-1/2"]
[Round "01"]
[TimeControl "180+1"]
[Date "2021.05.11"]
[WhiteClock "0:00:09"]
[BlackClock "0:00:19"]

1. d4 e6 2. c4 d5 3. Nc3 c6 4. e3 Nd7 5. Qc2 Ngf6 6. Nf3 Bd6 7. Bd3 O-O 8. O-O dxc4 9. Bxc4 b5 10. Bd3 Bb7 11. Rd1 Qe7 12. e4 e5 13. Ne2 a6 14. dxe5 Nxe5 15. Nxe5 Bxe5 16. f4 Bc7 17. e5 Bb6+ 18. Kh1 Ng4 19. Nd4 Bxd4 20. Bxh7+ Kh8 21. Rxd4 Qh4 22. g3 Qxh7 23. Qxh7+ Kxh7 24. Rd7 Rab8 25. h3 Nf2+ 26. Kg1 Nxh3+ 27. Kg2 c5+ 28. Kxh3 Bc8 29. e6 Bxd7 30. exd7 Rfd8 31. Be3 Rxd7 32. Bxc5 Rc8 33. b4 Re8 34. Kg4 Re2 35. a3 Rd3 36. a4 Rg2 37. axb5 Rgxg3+ 38. Kf5 axb5 39. Ra5 Rd5+ 40. Ke4 Rgd3 41. f5 g6 42. fxg6+ Kxg6 43. Rxb5 f5+ 44. Kf4 R3d4+ 45. Kf3 Re4 46. Rb6+ Kf7 47. Rb7+ Ke6 48. Re7+ Kf6 49. Rxe4 fxe4+ 50. Kxe4 Ke6 51. Ke3 Rh5 52. Kd4 Rh4+ 53. Kc3 Kd5 54. Kd3 Rh3+ 55. Ke2 Ke4 56. Kf2 Rh2+ 57. Kg3 Rc2 58. Bd6 Rc3+ 59. Kg4 Rc1 60. Kg3 Rc2 61. Bc5 Rc3+ 62. Kg4 Rc1 63. Kg3 Rf1 64. Kg4 Rf7 65. Kg5 Kd5 66. Kg6 Rf1 67. Kg5 Rb1 68. Kg6 Ke5 69. Kg5 Rb2 70. Kg4 Rb3 71. Be7 Ke6 72. Bc5 Kd5 73. Be7 Re3 74. Bc5 Rd3 75. Kf4 Rd1 76. Kf5 Rf1+ 77. Kg4 Rf7 78. Kg5 Ke5 79. Kg6 Rd7 80. Bf8 Rd8 81. Bc5 Re8 82. Kf7 Ra8 83. Ke7 Kd5 84. Kd7 Rh8 85. Kc7 Rh7+ 86. Kb6 Kc4 87. Kc6 Rh6+ 88. Kd7 Kd5 89. Ke7 Re6+ 90. Kf7 Rc6 91. Ke7 Re6+ 92. Kf7 Rh6 93. Ke7 Rh7+ 94. Kf6 Rb7 95. Kf5 Rf7+ 96. Kg6 Ke6 97. Bd4 Rf4 98. Bc5 Rg4+ 99. Kh5 Kf5 100. Kh6 1/2-1/2


[Site "https://www.chess.com"]

[Event "Titled Tuesday Blitz May 11 2021"]
[White "Sztokbant, Bernardo Vainzoff"]
[Black "Seo, Jung Min"]
[WhiteFideId "2115956"]
[BlackFideId "1734687"]
[WhiteElo "2264"]
[BlackElo "2486"]
[Result "0-1"]
[Round "01"]
[TimeControl "180+1"]
[Date "2021.05.11"]
[WhiteClock "0:00:03"]
[BlackClock "0:01:17"]

1. c4 c6 2. d4 d5 3. Nf3 e6 4. e3 Nf6 5. Nbd2 Nbd7 6. Bd3 Bd6 7. O-O O-O 8. b3 e5 9. dxe5 Nxe5 10. Be2 Bf5 11. Bb2 Nd3 12. Bc3 Nc5 13. Nd4 Bg6 14. cxd5 Nxd5 15. Bb2 Nd3 16. Bxd3 Bxd3 17. Re1 Nb4 18. a3 Nd5 19. Rc1 Bg6 20. Nc4 Bc7 21. Qf3 Qe7 22. Red1 Qe4 23. Qxe4 Bxe4 24. f3 Bg6 25. g3 Rfd8 26. e4 Nf6 27. Ne2 Nd7 28. Rd2 Nc5 29. b4 Nd3 30. Rcd1 Nxb2 31. Nxb2 Rxd2 32. Rxd2 Rd8 33. Rxd8+ Bxd8 34. Nf4 Bb6+ 35. Kf1 f6 36. Nxg6 hxg6 37. Ke2 Kf7 38. Nc4 Bc7 39. f4 Ke6 40. Kf3 b5 41. Nd2 a5 42. bxa5 Bxa5 43. Nb3 Bb6 44. g4 c5 45. Ke2 c4 46. Nd2 Ba5 47. Nf3 Bc3 48. Ke3 Kd6 49. Nd4 Bxd4+ 50. Kxd4 g5 51. e5+ fxe5+ 52. fxe5+ Kc6 53. Ke4 g6 54. h3 Kc5 55. e6 Kd6 56. Kd4 Kxe6 57. a4 bxa4 58. Kxc4 Ke5 59. Kb4 Kf4 0-1


[Site "https://www.chess.com"]

[Event "Titled Tuesday Blitz May 11 2021"]
[White "Tari, Aryan"]
[Black "Horak, Martin"]
[WhiteFideId "1510045"]
[BlackFideId "367095"]
[WhiteElo "2656"]
[BlackElo "1997"]
[Result "1-0"]
[Round "01"]
[TimeControl "180+1"]
[Date "2021.05.11"]
[WhiteClock "0:00:10"]
[BlackClock "0:00:06"]

1. Nf3 Nf6 2. b3 e6 3. Bb2 d5 4. g3 Be7 5. Bg2 O-O 6. O-O c5 7. e3 Nc6 8. d4 b6 9. Nbd2 Ba6 10. Re1 Rc8 11. a3 Ne4 12. dxc5 Nxc5 13. Nd4 Nxd4 14. exd4 Nd7 15. Rc1 Nf6 16. Nf3 Bd6 17. Ne5 Qe7 18. Ra1 Rc7 19. c4 dxc4 20. bxc4 Bxc4 21. Nxc4 Rxc4 22. d5 e5 23. Qe2 Rfc8 24. Bxe5 Rc2 25. Qe3 Bc5 26. Bd4 Qxe3 27. Bxe3 Bxe3 28. Rxe3 Rd2 29. Re7 Rcc2 30. Rxa7 g6 31. Rf1 Nxd5 32. Be4 Ra2 33. Rc1 Nf6 34. Bb1 Ra1 35. Rac7 Rb2 36. Bd3 Rxc1+ 37. Rxc1 Rb3 38. Rc8+ Kg7 39. Bc4 Rxa3 40. Rc7 Ne4 41. Rxf7+ Kh6 42. Rf4 Nc5 43. h4 Rc3 44. Kg2 Rc2 45. Rd4 Rc3 46. g4 Rc2 47. Bd5 Kg7 48. Bf3 Kf6 49. Kg3 Ke5 50. Rd5+ Ke6 51. Rd8 Rc3 52. Rb8 Ne4+ 53. Kg2 Nd2 54. Rxb6+ Ke5 55. Rb5+ Kf4 56. Rb4+ Rc4 57. Rxc4+ Nxc4 58. g5 Ne5 59. Be2 Nd7 60. Bc4 Ne5 61. Be6 Nd3 62. Bc8 Ne5 63. Kh3 Kf3 64. Bb7+ Kxf2 65. Bd5 Ke3 66. Bg8 Kf4 67. Bxh7 Kf5 68. Kg3 Nd3 69. Bg8 Ne5 70. Ba2 Nd3 71. Bb1 Ke4 72. Bxd3+ Kxd3 73. Kf4 Kd4 74. h5 gxh5 75. g6 h4 76. g7 h3 77. g8=Q h2 78. Qg2 h1=Q 79. Qxh1 1-0


[Site "https://www.chess.com"]

[Event "Titled Tuesday Blitz May 11 2021"]
[White "Tashkov, Rumen"]
[Black "Ortiz Suarez, Isan Reynaldo"]
[WhiteFideId "2904004"]
[BlackFideId "3507165"]
[WhiteElo "2160"]
[BlackElo "2539"]
[Result "0-1"]
[Round "01"]
[TimeControl "180+1"]
[Date "2021.05.11"]
[WhiteClock "0:00:03"]
[BlackClock "0:00:43"]

1. d4 Nf6 2. c4 c5 3. d5 b5 4. Nf3 g6 5. Nbd2 b4 6. e4 Bg7 7. Bd3 O-O 8. O-O d6 9. h3 a5 10. a4 Nbd7 11. Nb3 Nb6 12. Re1 Nfd7 13. Qc2 Ne5 14. Nxe5 Bxe5 15. Bh6 Re8 16. Nd2 e6 17. Nf3 Bf6 18. Rad1 exd5 19. cxd5 c4 20. Bxc4 Nxc4 21. Qxc4 Bxb2 22. e5 dxe5 23. Bg5 Qd6 24. Qh4 Bc3 25. Bf6 Ra6 26. Bxe5 Bxe5 27. Rxe5 Rxe5 28. Nxe5 Qxe5 29. Qd8+ Kg7 30. Qxc8 Rd6 31. Qc4 h5 32. h4 Qc3 33. Qxc3+ bxc3 34. Rc1 Rxd5 35. Rxc3 Rd4 36. Rc5 Rxa4 37. g3 Ra1+ 38. Kg2 Kf6 39. Kf3 a4 40. Ra5 Ra2 41. Ke3 a3 42. f3 Ra1 43. Kf4 a2 44. Ra6+ Ke7 45. Kg5 Rg1 46. Rxa2 Rxg3+ 47. Kf4 Rg1 48. Ra7+ Kf6 49. Ra6+ Kg7 50. Ra4 Rg2 51. Ke3 Kf6 52. Rb4 Kf5 53. Rb5+ Ke6 54. Rb6+ Ke5 55. Rb5+ Kf6 56. Rb6+ Kg7 57. Rb4 Rh2 58. Ra4 Kf6 59. Rb4 Ra2 60. Rc4 Ra5 61. Kf4 Rf5+ 62. Kg3 Re5 63. Rb4 Kf5 64. Rf4+ Ke6 65. Rb4 Rd5 66. Re4+ Kf6 67. Rf4+ Kg7 68. Re4 f6 69. Re7+ Kh6 70. Re6 Rf5 71. Re7 g5 72. Re3 Rf4 73. hxg5+ fxg5 74. Re6+ Kg7 75. Rc6 h4+ 76. Kg2 Rf6 77. Rc5 Kg6 78. Rb5 Rf5 79. Rb6+ Rf6 80. Rb5 Re6 81. Rc5 Kf6 82. Rb5 Re5 83. Rb8 Kf5 84. Rf8+ Kg6 85. Rg8+ Kf7 86. Rb8 Rd5 87. Kh3 Rf5 88. Kg4 Rc5 89. Rb6 Kg7 90. Ra6 Re5 91. Rb6 Kf7 92. Ra6 Re6 93. Ra5 Rg6 94. Ra7+ Kf6 95. Ra6+ Kg7 96. Ra7+ Kh6 97. Ra2 Rf6 98. Ra4 Kg6 99. Ra5 Rf4+ 0-1


[Site "https://www.chess.com"]

[Event "Titled Tuesday Blitz May 11 2021"]
[White "Triapishko, Alexandr"]
[Black "Gross, Nicholas"]
[WhiteFideId "14122286"]
[BlackFideId "30921961"]
[WhiteElo "2490"]
[BlackElo "1958"]
[Result "1-0"]
[Round "01"]
[TimeControl "180+1"]
[Date "2021.05.11"]
[WhiteClock "0:00:04"]
[BlackClock "0:00:12"]

1. d4 Nf6 2. c4 g6 3. Nc3 Bg7 4. e4 d6 5. h3 O-O 6. Be3 e5 7. d5 Ne8 8. g4 f5 9. gxf5 gxf5 10. exf5 Bxf5 11. Bd3 Nd7 12. Nge2 Kh8 13. Bxf5 Rxf5 14. Qc2 Rf7 15. O-O-O Qh4 16. Ne4 Bh6 17. Rdg1 Nef6 18. N2g3 Nxe4 19. Nxe4 Bxe3+ 20. fxe3 Raf8 21. b3 Qh6 22. Rg3 Rf3 23. Qe2 Rxg3 24. Nxg3 Qh4 25. Qg4 Qxg4 26. hxg4 Rg8 27. Nf5 Rxg4 28. Rf1 Rg2 29. Ne7 Kg7 30. Nf5+ Kh8 31. a4 Nc5 32. Ne7 Nxb3+ 33. Kd1 Rd2+ 34. Ke1 Ra2 35. Rf7 Rxa4 36. Nf5 Kg8 37. Rxc7 Nc5 38. Nxd6 Nd3+ 39. Kd2 Nb2 40. Kc2 Ra6 41. Nf5 Na4 42. d6 Rxd6 43. Nxd6 Nb6 44. c5 Nd5 45. Rxb7 Nxe3+ 46. Kd3 Nf5 47. Nxf5 1-0


[Site "https://www.chess.com"]

[Event "Titled Tuesday Blitz May 11 2021"]
[White "Tristan, Leonardo"]
[Black "Seemann, Jakub"]
[WhiteFideId "113816"]
[BlackFideId "21874697"]
[WhiteElo "2404"]
[BlackElo "1793"]
[Result "1-0"]
[Round "01"]
[TimeControl "180+1"]
[Date "2021.05.11"]
[WhiteClock "0:00:07"]
[BlackClock "0:00:07"]

1. d4 Nf6 2. Bf4 e6 3. e3 c5 4. c3 Qb6 5. Qb3 Qxb3 6. axb3 Nc6 7. Na3 cxd4 8. exd4 d6 9. Nc4 Nd5 10. Bxd6 Bxd6 11. Nxd6+ Ke7 12. Ne4 b6 13. Nf3 Bb7 14. Ba6 Bxa6 15. Rxa6 Nc7 16. Ra2 a5 17. Ke2 Rhd8 18. Rd1 Nd5 19. Raa1 f5 20. Ned2 Rdb8 21. Nc4 b5 22. Nce5 Nxe5 23. Nxe5 Rb6 24. Rd2 a4 25. bxa4 Rxa4 26. Rxa4 bxa4 27. c4 Nf4+ 28. Kf3 g5 29. Kg3 Nh5+ 30. Kf3 Nf4 31. Ke3 Nxg2+ 32. Kd3 Rb3+ 33. Kc2 Ne1+ 34. Kb1 a3 35. Ka2 Rxb2+ 36. Rxb2 axb2 37. Kxb2 Kf6 38. Kc3 Ng2 39. c5 Ke7 40. Kc4 Nf4 41. Kb5 Nd5 42. Kc6 h5 43. Kb7 h4 44. c6 Kd6 45. Nf7+ Ke7 46. Nxg5 Kd6 47. Nf7+ Ke7 48. Ne5 Kd6 49. Nc4+ Ke7 50. Nb6 Nc3 51. c7 Nb5 52. c8=Q Nd6+ 53. Kc6 Nxc8 54. Nxc8+ Kf6 55. Kd6 Kg5 56. Kxe6 Kg4 57. d5 Kh3 58. d6 Kxh2 59. d7 Kg1 60. d8=Q h3 61. Qh4 h2 62. Qg3+ Kh1 63. Qf3+ Kg1 64. Kxf5 h1=Q 65. Qxh1+ Kxf2 66. Qh3 Kg1 67. Qf3 Kh2 68. Qg4 Kh1 69. Kf4 Kh2 70. Kf3 Kh1 71. Qg2# 1-0


[Site "https://www.chess.com"]

[Event "Titled Tuesday Blitz May 11 2021"]
[White "Tsydypov, Zhamsaran"]
[Black "Golizadeh, Asghar"]
[WhiteFideId "4108566"]
[BlackFideId "12505269"]
[WhiteElo "2645"]
[BlackElo "2403"]
[Result "1-0"]
[Round "01"]
[TimeControl "180+1"]
[Date "2021.05.11"]
[WhiteClock "0:02:06"]
[BlackClock "0:01:38"]

1. c4 Nf6 2. Nc3 e6 3. Nf3 d5 4. d4 Bb4 5. Bg5 h6 6. Bh4 Nbd7 7. cxd5 Bxc3+ 8. bxc3 exd5 9. e3 O-O 10. Bd3 c6 11. O-O Re8 12. Qc2 Nf8 13. Ne5 Be6 14. f4 Rc8 15. Rab1 b6 16. Rf3 c5 17. f5 Bd7 18. Rg3 N8h7 19. Qd2 Qc7 20. e4 Kh8 21. Nxf7+ Kg8 22. Nxh6+ Kf8 23. e5 Ne4 24. Bxe4 dxe4 25. f6 cxd4 26. fxg7# 1-0


[Site "https://www.chess.com"]

[Event "Titled Tuesday Blitz May 11 2021"]
[White "Vasquez Schroeder, Rodrigo"]
[Black "Nilsen, Tobias Lang"]
[WhiteFideId "3400042"]
[BlackFideId "1521624"]
[WhiteElo "2572"]
[BlackElo "1975"]
[Result "1-0"]
[Round "01"]
[TimeControl "180+1"]
[Date "2021.05.11"]
[WhiteClock "0:00:36"]
[BlackClock "0:00:04"]

1. e4 e6 2. d4 d5 3. Nc3 h6 4. f4 dxe4 5. Nxe4 Nd7 6. Nf3 Ngf6 7. Nf2 c5 8. c3 b6 9. Bb5 Bb7 10. O-O a6 11. Ba4 b5 12. Bb3 cxd4 13. cxd4 Bd5 14. Bc2 Be7 15. Ne5 Rc8 16. Be3 O-O 17. Rc1 Nb6 18. Bb1 Qd6 19. b3 Rxc1 20. Qxc1 Rc8 21. Qd2 Qb4 22. Qe2 a5 23. Nfd3 Qd6 24. Nc5 b4 25. Qb5 Bd8 26. Rc1 Rb8 27. Qd3 Rc8 28. h3 Be7 29. Qa6 Qd8 30. Qxa5 Nbd7 31. Qxd8+ Rxd8 32. Ncxd7 Nxd7 33. Rc7 Nxe5 34. fxe5 Bf8 35. g3 Rb8 36. Kf2 g6 37. h4 Kg7 38. g4 Rb7 39. Rc8 Ra7 40. Bxh6+ Kxh6 41. Rxf8 Rc7 42. Rb8 Rc1 43. Bd3 Rc3 44. Ke2 Rc1 45. Rxb4 Ra1 46. Ra4 Rh1 47. Kf2 Rxh4 48. Kg3 Kg5 49. Be2 Rh1 50. Ra7 Re1 51. Kf2 Ra1 52. b4 Rxa2 53. Rxa2 Bxa2 54. Kg3 f6 55. exf6 Kxf6 56. b5 Ke7 57. Kf4 Kd6 58. Bf3 Kc7 59. Ke5 Kb6 60. Bc6 Bb1 61. g5 Bf5 62. Bd7 Bb1 63. Kxe6 Bf5+ 64. Kd6 Bxd7 65. Kxd7 Kxb5 66. d5 Kc5 67. Ke6 1-0


[Site "https://www.chess.com"]

[Event "Titled Tuesday Blitz May 11 2021"]
[White "Vega Gutierrez, Sabrina"]
[Black "Gunina, Valentina"]
[WhiteFideId "2219026"]
[BlackFideId "4167570"]
[WhiteElo "2281"]
[BlackElo "2399"]
[Result "0-1"]
[Round "01"]
[TimeControl "180+1"]
[Date "2021.05.11"]
[WhiteClock "0:00:01"]
[BlackClock "0:00:27"]

1. e4 c6 2. d4 d5 3. e5 Bf5 4. Nd2 e6 5. Nb3 Nd7 6. Nf3 c5 7. dxc5 Ne7 8. Bd3 Bg4 9. Bb5 Nc6 10. Bxc6 bxc6 11. Qd4 Bxf3 12. gxf3 Qc7 13. f4 a5 14. a4 Rb8 15. Be3 Rb4 16. Qc3 g6 17. Bd2 Bh6 18. Nxa5 Re4+ 19. Kd1 Bxf4 20. Bxf4 Rxf4 21. Nb3 O-O 22. Qg3 Qxe5 23. Re1 Qf6 24. Re2 h5 25. a5 Rg4 26. Qe3 Qxb2 27. a6 Rg1+ 28. Re1 Rxe1+ 29. Qxe1 Nxc5 30. Qa5 Nxb3 31. cxb3 Qd4+ 32. Ke2 Qa7 33. b4 Rb8 34. Ke1 Kg7 35. Qa4 Rb6 36. Qa5 Rb5 37. Qa4 d4 38. Ra2 d3 39. Qd1 Rd5 40. Qa1+ Kg8 41. Qc3 d2+ 42. Rxd2 Qxa6 43. Rxd5 exd5 44. Qd4 Qa2 45. Kf1 Qb1+ 0-1


[Site "https://www.chess.com"]

[Event "Titled Tuesday Blitz May 11 2021"]
[White "Visakh N R"]
[Black "Srisshhhtea"]
[WhiteFideId "25012223"]
[WhiteElo "2428"]
[BlackElo "2413"]
[Result "1-0"]
[Round "01"]
[TimeControl "180+1"]
[Date "2021.05.11"]
[WhiteClock "0:00:08"]
[BlackClock "0:00:11"]

1. e4 e6 2. d4 d5 3. Nc3 Bb4 4. exd5 exd5 5. Bd3 Nf6 6. Ne2 O-O 7. O-O c6 8. h3 Re8 9. Bf4 Bd6 10. Qd2 Bxf4 11. Qxf4 Nbd7 12. Rae1 Nf8 13. Qd2 Ne6 14. Bf5 Nf8 15. Ng3 Ng6 16. Rxe8+ Nxe8 17. Re1 Nd6 18. Bd3 Bd7 19. Nce2 Qh4 20. Kh2 Re8 21. c3 Kf8 22. Ng1 Rxe1 23. Qxe1 Nf4 24. Qe5 Nxd3 25. Qxd6+ Qe7 26. Qb8+ Be8 27. Nf3 g6 28. Ne5 Nxf2 29. Qxa7 f6 30. Nf3 Nd3 31. Qb8 Nxb2 32. Qf4 Nc4 33. h4 Kg7 34. h5 Qe3 35. Qc7+ Bf7 36. Qxb7 Qxc3 37. h6+ Kf8 38. Qc8+ Be8 39. Qe6 Qb4 40. Qxf6+ Bf7 41. Ng5 Qe7 42. Nxh7+ Ke8 43. Qh8+ Kd7 44. Nf6+ Kc7 45. h7 Nd6 46. Qg7 Nf5 47. Nxf5 gxf5 48. h8=Q Qd6+ 49. Qg3 Qxg3+ 50. Kxg3 Kb6 51. Kf4 Kb5 52. Ke5 Kc4 53. Nd7 Kc3 54. Nc5 Kb2 55. Qh4 Kxa2 56. Qf2+ 1-0


[Site "https://www.chess.com"]

[Event "Titled Tuesday Blitz May 11 2021"]
[White "Vogel, Roven"]
[Black "Porter, Ryan W"]
[WhiteFideId "12908088"]
[BlackFideId "2011239"]
[WhiteElo "2516"]
[BlackElo "2386"]
[Result "1-0"]
[Round "01"]
[TimeControl "180+1"]
[Date "2021.05.11"]
[WhiteClock "0:00:37"]
[BlackClock "0:00:01"]

1. d4 d6 2. Nf3 g6 3. c4 Bg7 4. Nc3 Nd7 5. e4 e5 6. Be2 Ne7 7. O-O O-O 8. d5 f5 9. Ng5 Nf6 10. exf5 gxf5 11. f4 e4 12. Be3 Ng6 13. g3 Qe7 14. Kh1 h6 15. Nh3 c5 16. Nf2 Bd7 17. Qd2 h5 18. Rg1 Ng4 19. Nxg4 hxg4 20. h3 gxh3 21. Bh5 Rf6 22. Qh2 Nf8 23. Rae1 Rh6 24. Bd1 Nh7 25. g4 fxg4 26. Bxg4 Nf6 27. Bxd7 Qxd7 28. f5 Rh7 29. Ref1 Kh8 30. Bg5 Rg8 31. Bxf6 Bxf6 32. Nxe4 Be5 33. Qxe5+ dxe5 34. Rxg8+ Kxg8 35. Nf6+ Kf8 36. Nxd7+ Rxd7 37. Re1 Re7 38. Kh2 Kf7 39. Kxh3 Kf6 40. Rf1 Rh7+ 41. Kg4 Rg7+ 42. Kf3 Kxf5 43. Ke3+ Kg6 44. Rg1+ Kf7 45. Rxg7+ Kxg7 46. Ke4 Kf6 47. a3 a6 48. b4 cxb4 49. axb4 b6 50. c5 bxc5 51. bxc5 a5 52. c6 Ke7 53. Kxe5 a4 54. Kd4 a3 55. Kc3 1-0


[Site "https://www.chess.com"]

[Event "Titled Tuesday Blitz May 11 2021"]
[White "Volkov, Maksim"]
[Black "Timmermans, Mark"]
[WhiteFideId "54123070"]
[BlackFideId "1026399"]
[WhiteElo "2113"]
[BlackElo "2460"]
[Result "0-1"]
[Round "01"]
[TimeControl "180+1"]
[Date "2021.05.11"]
[WhiteClock "0:00:59"]
[BlackClock "0:01:21"]

1. d4 Nf6 2. c4 e6 3. Nf3 d5 4. g3 dxc4 5. Bg2 Be7 6. O-O O-O 7. Ne5 Nc6 8. Nxc6 bxc6 9. Bxc6 Rb8 10. Nc3 Nd5 11. Qa4 Nb6 12. Qxa7 Bd7 13. Bg2 c6 14. Bf4 Ra8 15. Qb7 Nd5 16. Bxd5 cxd5 17. e4 g5 18. Be5 f6 19. Bc7 Qc8 20. Qxc8 Rfxc8 21. Bb6 Rcb8 22. Bc5 Bxc5 23. dxc5 d4 24. Ne2 e5 25. Rfb1 Bg4 26. Kf1 Bf3 27. Rc1 Rxb2 28. Ng1 Bxe4 0-1


[Site "https://www.chess.com"]